 Dungeon Crawl Stone Soup version 0.31-a0-1591-g515db51633 (webtiles) character file.

Game seed: 6987290009509565649

1693343 Zirtrex the Axe Maniac (level 26, 260/260 HPs)
             Began as a Hill Orc Fighter on Jan 6, 2024.
             Was the Champion of Ru.
             Escaped with the Orb
             ... and 3 runes!
             The game lasted 02:26:22 (64668 turns).

Zirtrex the Axe Maniac (Hill Orc Fighter)          Turns: 64668, Time: 02:26:22

Health: 260/260    AC: 44    Str: 37    XL:     26   Next: 72%
Magic:  18/18      EV: 14    Int: 15    God:    Ru [******]
Gold:   3467       SH: 36    Dex: 15    Spells: 25/25 levels left

rFire   + + .        q - +8 mithril axe "Arga" {speed, Will+}
rCold   + . .        A - +8 tower shield
rNeg    . . .        v - +8 plate armour "Joqem" {rF+ Int+6}
rPois   .            M - +2 helmet {Int+3}
rElec   .            X - scarf "Tohiok" {rC+ rF+, +Blink Dex+3}
rCorr   .            d - +2 pair of gloves
SInv    .            I - +3 pair of boots of Sif Muna's Favour {Will+ Dex+2}
Will    ++...        i - amulet "Gemu" {Reflect +Blink SH+5} Stlth
                     e - +4 ring of slaying
HPRegen 0.63/turn    m - +6 ring of strength
MPRegen 0.16/turn

%: reflection
@: studying Ranged Weapons
A: low MP 3, inhibited regeneration, no stealth, hated by all, no fire magic, no
hexes magic, no necromancy magic, weak-willed 1, disrupted magic 1, no forms,
talons 1, iridescent scales 1, dopey 1, screaming 1
0: Orb of Zot
}: 3/15 runes: barnacled, silver, gossamer
a: Renounce Religion, Evoke Blink, Draw Out Power, Power Leap, Apocalypse


You escaped.
You worshipped Ru.
Ru was exalted by your worship.
You visited 10 branches of the dungeon, and saw 48 of its levels.
You visited the Abyss 1 time.
You also visited: Gauntlet.

You collected 8639 gold pieces.
You spent 5172 gold pieces at shops.

Inventory:

Hand Weapons
 q - the +8 mithril axe "Arga" (weapon) {speed, Will+}
   (You found it on level 3 of the Dungeon)

   Will+:     It increases your willpower.
 t - the +1 eveningstar "Maet" {venom, rElec rF- Int+2}
   (You found it on level 12 of the Dungeon)

   Int+2:     It affects your intelligence (+2).
   rF-:       It makes you vulnerable to fire.
   rElec:     It insulates you from electricity.
 S - the +8 broad axe "Zuarchaag" {freeze, +Blink rPois rN+ Int+2}
   (You found it on level 12 of the Dungeon)

   Int+2:     It affects your intelligence (+2).
   rPois:     It protects you from poison rN+: It protects you from negative
   energy.
   +Blink:    It lets you blink.
Missiles
 x - 9 throwing nets (quivered)
Armour
 d - a +2 pair of gloves (worn)
 v - the +8 plate armour "Joqem" (worn) {rF+ Int+6}
   (You found it on level 5 of the Lair of Beasts)

   Int+6:     It affects your intelligence (+6).
   rF+:       It protects you from fire.
 A - a +8 tower shield (worn)
 I - the +3 pair of boots of Sif Muna's Favour (worn) {Will+ Dex+2}
   (You acquired it on level 11 of the Dungeon)

   Dex+2:     It affects your dexterity (+2).
   Will+:     It increases your willpower.
 M - a +2 helmet of intelligence (worn)
 X - the scarf "Tohiok" (worn) {rC+ rF+, +Blink Dex+3}
   (You found it on level 1 of the Depths)

   Dex+3:     It affects your dexterity (+3).
   +Blink:    It lets you blink.
Jewellery
 e - a +4 ring of slaying (left hand)
 i - the amulet "Gemu" (around neck) {Reflect +Blink SH+5}
   (You found it on level 3 of the Depths)

   [amulet of reflection]

   Reflect:   It reflects blocked missile attacks.
   +Blink:    It lets you blink.
   SH+5:      It affects your SH (+5).
 m - a +6 ring of strength (right hand)
 u - the ring of Dumas {rPois Will++}
   (You found it on level 3 of the Elven Halls)

   [ring of poison resistance]

   rPois:     It protects you from poison Will++: It greatly increases your
   willpower.
 w - the ring "Semu" {^Contam rPois Will+ Int+2 Dex+5}
   (You found it on level 5 of the Vaults)

   [ring of poison resistance]

   Int+2:     It affects your intelligence (+2).
   Dex+5:     It affects your dexterity (+5).
   rPois:     It protects you from poison Will+: It increases your willpower.
   ^Contam:   It causes magical contamination when unequipped.
 C - the ring "Untonis" {Will+ SInv}
   (You found it on level 3 of the Elven Halls)

   [ring of see invisible]

   Will+:     It increases your willpower.
   SInv:      It lets you see invisible.
 T - the ring "Koevop" {Fly rF+ rN+ Dex-2}
   (You found it on level 5 of the Lair of Beasts)

   [ring of protection from fire]

   Dex-2:     It affects your dexterity (-2).
   rF+:       It protects you from fire.
   rN+:       It protects you from negative energy.
   Fly:       It grants you flight.
Wands
 j - a wand of mindburst (15)
 D - a wand of quicksilver (12)
 H - a wand of iceblast (53)
 N - a wand of flame (73)
Scrolls
 a - 11 scrolls of teleportation
 b - 2 scrolls of enchant armour
 f - 6 scrolls of immolation
 h - 2 scrolls of revelation
 k - 6 scrolls of poison
 l - 3 scrolls of torment
 p - 7 scrolls of vulnerability
 y - 4 scrolls of blinking
 B - 9 scrolls of fog
 P - 4 scrolls of silence
 Q - 8 scrolls of fear
Potions
 g - 7 potions of heal wounds
 n - 10 potions of lignification
 o - 14 potions of curing
 z - a potion of invisibility
 F - 5 potions of magic
 G - 7 potions of attraction
 J - 6 potions of enlightenment
 K - 4 potions of berserk rage
 L - 3 potions of ambrosia
 O - 5 potions of might
 U - a potion of mutation
 Y - a potion of cancellation
Miscellaneous
 r - a phial of floods
 E - a condenser vane


   Skills:
 + Level 25.6 Fighting
 O Level 27 Axes
 + Level 23.8 Armour
 + Level 10.6 Dodging
 + Level 23.7 Shields
 - Level 5.0 Invocations
 + Level 15.8 Evocations


You had 25 spell levels left.
You didn't know any spells.
Your spell library contained the following spells:

 Spells                   Type           Power      Damage    Failure   Level
 Apportation              Tloc           0%         N/A       71%         1
 Magic Dart               Conj           0%         1d3       71%         1
 Blink                    Tloc           0%         N/A       83%         2
 Lesser Beckoning         Tloc           0%         N/A       83%         2
 Mercury Vapours          Alch/Air       0%         N/A       83%         2
 Momentum Strike          Conj/Tloc      0%         3d8       83%         2
 Searing Ray              Conj           0%         2d4       83%         2
 Gell's Gravitas          Tloc           0%         N/A       96%         3
 Hailstorm                Conj/Ice       0%         3d5       96%         3
 Mephitic Cloud           Conj/Alch/Air  0%         N/A       96%         3
 Ozocubu's Armour         Ice            0%         N/A       96%         3
 Teleport Other           Tloc           0%         N/A       96%         3
 Airstrike                Air            0%         2d(0-16)  100%        4
 Fulminant Prism          Conj/Alch      0%         3d5       100%        4
 Iskenderun's Mystic Bla  Conj/Tloc      0%         2d3       100%        4
 Leda's Liquefaction      Alch/Erth      0%         N/A       100%        4
 Manifold Assault         Tloc           0%         N/A       100%        4
 Olgreb's Toxic Radiance  Alch           0%         N/A       100%        4
 Petrify                  Alch/Erth      0%         N/A       100%        4
 Alistair's Intoxication  Alch           0%         N/A       100%        5
 Freezing Cloud           Conj/Ice/Air   0%         6-21      100%        5
 Irradiate                Conj/Alch      0%         3d11      100%        5
 Lee's Rapid Deconstruct  Erth           0%         3d4*      100%        5
 Bombard                  Conj/Erth      0%         9d1       100%        6
 Conjure Ball Lightning   Conj/Air       0%         3x3d6     100%        6
 Dispersal                Tloc           0%         N/A       100%        6
 Eringya's Noxious Bog    Alch           0%         4d6       100%        6
 Orb of Destruction       Conj           0%         9d5       100%        7
 Ozocubu's Refrigeration  Ice            0%         4d7       100%        7
 Disjunction              Tloc           0%         N/A       100%        8
 Chain Lightning          Conj/Air       0%         N/A       100%        9
 Shatter                  Erth           0%         3d5*      100%        9
 Cigotuvi's Dreadful Rot  Necr/Alch/Air  Unusable   N/A       N/A         2
 Jinxbite                 Hex            Unusable   N/A       N/A         2
 Sublimation of Blood     Necr           Unusable   N/A       N/A         2
 Inner Flame              Hex/Fire       Unusable   N/A       N/A         3
 Summon Ice Beast         Ice/Summ       Unusable   N/A       N/A         3
 Tukima's Dance           Hex            Unusable   N/A       N/A         3
 Dimensional Bullseye     Hex/Tloc       Unusable   N/A       N/A         4
 Summon Blazeheart Golem  Fire/Summ      Unusable   N/A       N/A         4
 Summon Lightning Spire   Summ/Air       Unusable   N/A       N/A         4
 Borgnjor's Vile Clutch   Necr/Erth      Unusable   N/A       N/A         5
 Metabolic Englaciation   Hex/Ice        Unusable   N/A       N/A         5
 Sculpt Simulacrum        Ice/Alch       Unusable   N/A       N/A         6
 Spellforged Servitor     Conj/Summ      Unusable   N/A       N/A         7
 Discord                  Hex            Unusable   N/A       N/A         8
 Ignition                 Fire           Unusable   3d3       N/A         8
 Fire Storm               Conj/Fire      Unusable   5d1       N/A         9

Dungeon Overview and Level Annotations

Branches:
Dungeon (15/15)            Temple (1/1) D:4            Lair (5/5) D:11
 Shoals (4/4) Lair:2       Spider (4/4) Lair:2        Slime (0/5) Lair:5
    Orc (2/2) D:11            Elf (3/3) Orc:2        Vaults (5/5) D:14
  Crypt (0/3) Vaults:3     Depths (4/4) D:15            Zot (5/5) Depths:4
Gauntlet (visited)

Altars:
Ashenzari
Cheibriados
Dithmenos
Elyvilon
Gozag
Kikubaaqudgha
Makhleb
Nemelex Xobeh
Okawaru
Qazlal
Ru
Sif Muna
Trog
Uskayaw
Vehumet
Wu Jian
Xom
Zin
The Shining One

Shops:
D:3 *   D:5 **   Orc:2 ([=(   Elf:2 *   Elf:3 =   Shoals:1 *   Shoals:2 *
Shoals:3 *   Vaults:2 ?   Vaults:4 (([   Depths:4 [!==

Portals:
Hell: Depths:1 Depths:2 Depths:3 Depths:4
Abyss: Depths:3
Pandemonium: Depths:2
Ziggurat: Depths:2
Trove: Vaults:2 (give 8 potions of haste)

Annotations:
Lair:5 exclusion: 2 oklob plants
Elf:1 1 runed translucent door
Elf:2 5 runed translucent doors
Vaults:3 8 runed translucent doors, Pixtaico's ghost, adept FeNe
Zot:1 3 runed translucent doors, Dommouf's ghost, veteran OnBe
Zot:2 2 transporters, Siopp's ghost, legendary DsFi
Zot:4 1 runed translucent door, Fiowez's ghost, veteran HuAl
Zot:5 2 transporters, bakla's ghost, veteran DsBr


Innate Abilities, Weirdness & Mutations

Your magical capacity is extremely low. (-30% MP)
You do not regenerate when monsters are visible.
You cannot be stealthy.
You are hated by all.
You cannot study or cast Fire magic.
You cannot study or cast Hexes magic.
You cannot study or cast Necromancy magic.
You are slightly weak-willed. (Will-)
Your casting is slightly disrupted.
You cannot voluntarily change form.
You have sharp toenails.
You are partially covered in iridescent scales. (AC +2)
You are dopey. (Int -2)
You occasionally shout uncontrollably at your foes.


Message History

The bolt of negative energy misses you.
The Tzitzimitl moves out of view. 2 ball lightnings come into view.
Ekku gestures.
The demonspawn black sun calls down the wrath of Kikubaaqudgha upon you.
The bolt of negative energy hits the soul eater.
The soul eater completely resists.
The bolt of negative energy misses you.
The ball lightning moves out of view. 2 ball lightnings come into view.
Your surroundings suddenly seem different.
You feel a bit more experienced.
There is an open door here.
There is a stone staircase leading up here.
You climb upwards.
Reactivating autopickup.
There is a stone staircase leading down here.
A Tzitzimitl comes into view.
Unknown command.
A shadow demon comes into view.
You redirect the shadow demon's attack!
There is a stone staircase leading up here.
You climb upwards.
There is a stone staircase leading down here.
Things that are here:
a +0 robe; a +0 dagger
There is a stone staircase leading up here.
You climb upwards.
There is a stone staircase leading down here.
There is a stone staircase leading up here.
You climb upwards.
There is a stone staircase leading down here.
You see here a +0 spear.
A soul eater comes into view.
The soul eater moves out of view.
There is a stone staircase leading up here.
You climb upwards.
There is a stone staircase leading down here.
You're already here!
There is a staircase leading out of the dungeon here.
There is a staircase leading out of the dungeon here.
You have escaped!

..#####......##.....#####.#.#
..........#...............#.##
......#......########...#....#
......#.................#.#..####
......#.##.##.######.##.#.#.....#
......#'##.##.#....#.##.#.##.##.#
...........##.#.##.#.##...##..#.#
##..##.....##.#..#.#.##.#.###.#.#
###.##.....##.#.@#.#.##.#.#..>...
###...#....##.####.#.##.#.#......
#.....#............#.##.#.#.#.###
#............#######....#.#.#.###
..........##.....####............
......#....#..........#.....####.
.####+#....#.....................
###....###.'................#####
#....# ###......#.............#


There were no monsters in sight!

Vanquished Creatures
  3 dread liches
  3 orbs of fire (Zot:5)
  A Killer Klown (Zot:5)
  Saint Roka (Vaults:4)
  Norris (Vaults:4)
  4 golden dragons
  2 curse toes
  Nikola (Shoals:1)
  A profane servitor (D:6)
  A bone dragon (Abyss:2)
  4 electric golems
  17 tentacled monstrosities
  Zenata (Vaults:1)
  3 deep elf blademasters
  23 Orb Guardians
  8 titans
  The ghost of Cexaud the Fencer, an adept DjCK of Xom (Vaults:2)
  8 quicksilver dragons
  A deep elf master archer (Elf:3)
  6 sphinxes
  2 liches
  Polyphemus (Shoals:2)
  7 death cobs
  2 krakens (Shoals:4)
  The ghost of Konionua the Bewitcher, an adept KoEn of Dithmenos (Vaults:2)
  2 tentacled starspawn (Abyss:2)
  An Executioner (Depths:1)
  Gastronok (D:9)
  Roxanne (D:15)
  7 tengu reavers
  11 shadow dragons
  9 draconian monks
  14 storm dragons
  4 protean progenitors
  4 emperor scorpions
  9 fire giants
  9 frost giants
  4 deep elf sorcerers
  4 draconian knights
  9 draconian shifters
  18 vault wardens
  5 ghost moths
  2 cacodemons
  5 deep elf elementalists (Elf:3)
  3 iron dragons (Vaults:5)
  18 ironbound preservers
  A draconian scorcher (Zot:3)
  2 orc warlords
  16 very ugly things
  5 draconian stormcallers
  A spriggan defender (Depths:2)
  2 draconian annihilators (Zot:1)
  8 ironbound thunderhulks
  A broodmother (Spider:4)
  10 stone giants
  A vampire knight (Depths:4)
  5 formless jellyfish
  9 white draconians
  8 deep elf annihilators (Elf:3)
  6 black draconians
  7 deep elf death magi
  4 deep elf demonologists
  4 dire elephants
  9 green draconians
  7 yellow draconians
  11 red draconians
  5 purple draconians
  The ghost of Siakut the Bludgeoner, a journeyman MiBe of Trog (D:12)
  An ettin (shapeshifter) (Vaults:4)
  7 spark wasps
  16 ettins
  6 jiangshi
  10 fire dragons
  3 merfolk javelineers
  7 entropy weavers
  8 great orbs of eyes
  10 merfolk impalers
  15 yaktaur captains
  7 deep elf high priests
  4 hydras
  Fannar (Lair:1)
  2 peacekeepers (Vaults:4)
  37 vault guards
  7 ice dragons
  5 rakshasas
  4 jorogumos
  3 merfolk avatars (Shoals:4)
  4 spriggan air magi
  16 ironbound frosthearts
  8 ogre magi
  14 boulder beetles
  5 catoblepae
  4 radroaches
  20 two-headed ogres
  7 satyrs
  11 centaur warriors
  20 dancing weapons
  13 death yaks
  10 deep troll shamans
  2 death knights (Vaults:3)
  11 merfolk aquamancers
  8 spriggan berserkers
  4 vampire magi
  A thrashing horror (Abyss:2)
  2 occultists
  10 tengu warriors
  5 demonic crawlers
  An orc high priest (Vaults:1)
  4 deep troll earth magi
  Urug (Lair:5)
  6 deep elf knights
  4 wretched stars (Abyss:2)
  5 skysharks
  6 iron trolls
  A shadow wraith (Vaults:3)
  10 sea snakes
  6 pharaoh ants
  A hell knight (Depths:4)
  51 deep trolls
  9 orb spiders
  Lodul (D:13)
  A death drake (shapeshifter) (Vaults:4)
  2 flayed ghosts
  3 arcanists
  A mana viper (shapeshifter) (Vaults:4)
  A swamp dragon (Lair:5)
  2 sun moths (Spider:4)
  11 deep elf archers
  3 phantasmal warriors
  A shadow demon (Abyss:2)
  4 glowing orange brains
  8 lindwurms
  31 ironbound convokers
  18 harpies
  A harpy (shapeshifter) (D:13)
  27 deep elf pyromancers
  10 orc knights
  Pikel (D:8)
  A necromancer (Vaults:4)
  15 deep elf zephyrmancers
  7 steelbarb worms
  43 ugly things
  A salamander (D:15)
  5 cyclopes
  A cyclops (shapeshifter) (Vaults:4)
  22 wolf spiders
  11 manticores
  33 fauns
  7 large abominations (Abyss:2)
  5 orc sorcerers
  4 elephants
  7 meliai
  27 moths of wrath
  4 rust devils (D:14)
  23 vault sentinels
  6 black mambas
  2 kobold blastminers (Orc:2)
  8 merfolk sirens
  An apocalypse crab (Abyss:2)
  5 water nymphs
  3 torpor snails
  6 starcursed masses (Abyss:2)
  An unseen horror (shapeshifter) (Elf:2)
  4 smoke demons
  4 orange demons
  Maggie (D:7)
  2 unseen horrors
  19 cane toads
  A gargoyle (D:13)
  30 yaktaurs
  A rime drake (shapeshifter) (D:13)
  Jeremiah (D:7)
  3 freezing wraiths
  4 rime drakes
  An ice devil (D:14)
  A red devil (D:14)
  2 efreet
  7 komodo dragons
  A tormentor (Depths:2)
  A kobold demonologist (Abyss:2)
  Psyche (D:10)
  8 trolls
  6 tengu conjurers
  A polar bear (Lair:5)
  2 ancient zymes (Abyss:2)
  A tyrant leech (shapeshifter) (Vaults:5)
  41 merfolk
  20 tarantellas
  13 hornets
  3 hellwings (D:14)
  6 wind drakes
  A harpy skeleton (Abyss:2)
  A tarantella (shapeshifter) (D:14)
  7 blink frogs
  2 glass eyes
  Prince Ribbit (D:8)
  5 raiju (Abyss:2)
  4 snapping turtles (Shoals:4)
  39 slime creatures
  4 air elementals
  A centaur simulacrum (D:14)
  2 dream sheep (Lair:5)
  A shadow (D:11)
  5 spriggans
  A wraith (D:14)
  3 wyverns
  19 culicivoras
  14 water elementals
  27 jumping spiders
  6 small abominations (Abyss:2)
  4 ynoxinuls
  A vampire (D:14)
  4 basilisks
  6 humans (D:14)
  44 yaks
  3 golden eyes (D:8)
  22 fire elementals
  6 neqoxecs (Abyss:2)
  4 wargs
  Grum (D:8)
  48 redbacks
  3 steam dragons
  6 vampire mosquitoes
  2 chaos spawn
  17 water moccasins
  4 acid dragons
  Duvessa (D:4)
  22 orc warriors
  3 sky beasts
  7 ice beasts
  34 ogres
  2 black bears
  23 boggarts
  4 wolves
  9 centaurs
  A phantom (D:7)
  5 earth elementals
  4 kobold brigands
  A gnoll sergeant (D:9)
  20 bullfrogs
  2 scorpions
  12 wights
  Dowan (D:4)
  4 howler monkeys
  A quasit (Abyss:2)
  5 hounds
  20 orc priests
  3 gnoll boudas
  An iron imp (Abyss:2)
  4 iguanas
  13 orc wizards
  7 hell rats (Lair:2)
  18 gnolls
  11 adders
  4 white imps
  4 ufetubi
  A dart slug (D:3)
  A ribbon worm (D:3)
  62 orcs
  6 endoplasms
  4 giant cockroaches
  8 goblins
  6 hobgoblins
  4 jackals
  11 kobolds
  3 quokkas
  6 ball pythons
  4 bats
  3 frilled lizards
  A rat (D:1)
  A starspawn tentacle (Abyss:2)
  3 tentacles (Shoals:4)
2046 creatures vanquished.

Vanquished Creatures (others)
  A deep elf blademaster (Elf:3)
  A tengu reaver (Vaults:5)
  A fire giant (Depths:1)
  A vault warden (Vaults:4)
  2 deep elf elementalists (Elf:3)
  An emperor scorpion (Spider:4)
  A ghost moth (Zot:5)
  A draconian stormcaller (Zot:1)
  A white draconian (Zot:3)
  An ettin (Depths:3)
  A jiangshi (Depths:4)
  A deep elf high priest (Elf:3)
  3 yaktaur captains
  A vault guard (D:14)
  A rakshasa (Depths:1)
  A satyr (Shoals:3)
  An occultist (Depths:3)
  An orc high priest (Vaults:1)
  A soul eater (D:6)
  2 deep trolls
  An ironbound convoker (Vaults:4)
  A deep elf archer (Elf:3)
  A deep elf pyromancer (Elf:1)
  2 deep elf zephyrmancers (Elf:1)
  A merfolk siren (Shoals:4)
  A torpor snail (Lair:5)
  A yaktaur (Vaults:4)
  A merfolk (Shoals:4)
  A tarantella (Spider:1)
  A water elemental (Shoals:4)
  A redback (Spider:3)
  A small abomination (D:6)
  An ogre (Orc:2)
  A howler monkey (D:9)
  2 orcs
  5 starspawn tentacles (Abyss:2)
  13 tentacles (Shoals:4)
59 creatures vanquished.

Grand Total: 2105 creatures vanquished

Notes
Turn   | Place    | Note
-------+----------+-------------------------------------------
     0 | D:1      | Zirtrex the Hill Orc Fighter began the quest for the Orb.
     0 | D:1      | Reached XP level 1. HP: 19/19 MP: 1/1
   150 | D:1      | Reached XP level 2. HP: 25/27 MP: 2/2
   169 | D:1      | Reached skill level 3 in Axes
   795 | D:2      | Found a faded altar of an unknown god.
   820 | D:2      | Reached XP level 3. HP: 33/33 MP: 3/3
  1291 | D:3      | Found Siex's General Store.
  1329 | D:3      | Reached XP level 4. HP: 41/41 MP: 4/4
  1715 | D:3      | Found the +8 mithril axe "Arga" {speed, Will+}
  1818 | D:3      | Reached skill level 4 in Axes
  1927 | D:3      | Reached XP level 5. HP: 47/47 MP: 5/5
  2178 | D:4      | Found a staircase to the Ecumenical Temple.
  2192 | Temple   | Entered the Ecumenical Temple
  2208 | Temple   | Became a worshipper of Ru the Awakened
  2524 | D:4      | Reached skill level 5 in Fighting
  2524 | D:4      | Reached XP level 6. HP: 56/56 MP: 6/6
  2675 | D:4      | Noticed Duvessa
  2675 | D:4      | Noticed Dowan
  2697 | D:5      | Entered Level 5 of the Dungeon
  2852 | D:5      | Found a sparkling altar of Nemelex Xobeh.
  2930 | D:5      | Noticed an ice beast
  2947 | D:5      | Killed an ice beast
  2948 | D:5      | Reached skill level 5 in Axes
  2948 | D:5      | Reached skill level 5 in Armour
  2948 | D:5      | Reached skill level 5 in Shields
  2948 | D:5      | Reached XP level 7. HP: 58/61 MP: 7/7
  3221 | D:5      | Reached skill level 6 in Axes
  3359 | D:5      | Reached XP level 8. HP: 71/71 MP: 8/8
  3374 | D:5      | Found Ticeu's Specific Store.
  3377 | D:5      | Found Ireuzxe's General Store.
  3381 | D:5      | Bought 3 potions of heal wounds for 210 gold pieces
  3639 | D:4      | Killed Duvessa
  3643 | D:4      | Killed Dowan
  3729 | D:4      | Gained mutation: You cannot voluntarily change form. [Ru
                  | sacrifice]
  4020 | D:6      | Noticed a yak
  4043 | D:6      | Killed a yak
  4104 | D:6      | Found a blossoming altar of Fedhas.
  4107 | D:6      | Noticed a yak
  4108 | D:6      | Noticed a yak
  4108 | D:6      | Noticed a yak
  4130 | D:6      | Killed a yak
  4131 | D:6      | Reached skill level 7 in Axes
  4136 | D:6      | Killed a yak
  4140 | D:6      | Killed a yak
  4141 | D:6      | Reached XP level 9. HP: 74/79 MP: 9/9
  4672 | D:6      | Found an ornate altar of the Wu Jian Council.
  4672 | D:6      | Found a broken altar of Ashenzari.
  4734 | D:6      | Reached skill level 8 in Axes
  5063 | D:7      | Noticed Jeremiah
  5069 | D:7      | Killed Jeremiah
  5191 | D:7      | Noticed Maggie
  5214 | D:7      | Killed Maggie
  5215 | D:7      | Reached skill level 9 in Axes
  5591 | D:7      | Reached XP level 10. HP: 85/91 MP: 8/10
  6037 | D:8      | Noticed Grum
  6052 | D:8      | Killed Grum
  6064 | D:8      | Gained mutation: You cannot study or cast Fire magic. [Ru
                  | sacrifice]
  6064 | D:8      | Gained mutation: You cannot study or cast Hexes magic. [Ru
                  | sacrifice]
  6064 | D:8      | Gained mutation: You cannot study or cast Necromancy magic.
                  | [Ru sacrifice]
  6064 | D:8      | Reached * piety under Ru
  6293 | D:8      | Noticed Pikel
  6297 | D:8      | Killed Pikel
  6298 | D:8      | Reached skill level 10 in Axes
  6343 | D:8      | Reached skill level 10 in Fighting
  6523 | D:8      | Noticed Prince Ribbit
  6528 | D:8      | Killed Prince Ribbit
  7153 | D:9      | Noticed a purple ugly thing
  7165 | D:9      | Killed a purple ugly thing
  7230 | D:9      | Reached XP level 11. HP: 100/101 MP: 11/11
  7253 | D:9      | Reached skill level 11 in Axes
  7473 | D:9      | Noticed Gastronok
  7618 | D:10     | Entered Level 10 of the Dungeon
  7669 | D:10     | Noticed a two-headed ogre
  7677 | D:10     | Killed a two-headed ogre
  7678 | D:10     | Reached skill level 10 in Armour
  7678 | D:10     | Reached skill level 10 in Shields
  7845 | D:10     | Noticed a two-headed ogre
  7852 | D:10     | Killed a two-headed ogre
  8302 | D:10     | Gained mutation: You are hated by all. [Ru sacrifice]
  8302 | D:10     | Reached ** piety under Ru
  8302 | D:10     | Reached *** piety under Ru
  8559 | D:11     | Found a gate leading to a gauntlet.
  8560 | D:11     | Noticed a boulder beetle
  8570 | Gauntlet | Entered a Gauntlet
  8570 | Gauntlet | Noticed a necromancer
  8570 | Gauntlet | Found a transporter.
  8570 | Gauntlet | Found a transporter.
  8570 | Gauntlet | Found a transporter.
  8570 | Gauntlet | Found a transporter.
  8711 | Gauntlet | Found a transporter.
  8717 | Gauntlet | Noticed a dire elephant
  8721 | Gauntlet | Found a transporter.
  8725 | Gauntlet | Found a transporter.
  8728 | Gauntlet | Noticed a glowing orange brain
  8729 | Gauntlet | Noticed a glowing orange brain
  8735 | Gauntlet | Found a transporter.
  8737 | Gauntlet | Noticed a red ugly thing
  8740 | Gauntlet | Noticed a purple ugly thing
  8756 | Gauntlet | Found a transporter.
  8758 | Gauntlet | Noticed a death drake
  8761 | Gauntlet | Found a transporter.
  8766 | Gauntlet | Noticed a death yak
  8766 | Gauntlet | Noticed a necromancer
  8766 | Gauntlet | Noticed a death yak
  8767 | Gauntlet | Found a runed translucent gate.
  8767 | Gauntlet | Noticed a death yak
  8768 | Gauntlet | Found a large runed translucent door.
  8768 | Gauntlet | Found a large runed translucent door.
  8769 | Gauntlet | Found a large runed translucent door.
  8770 | Gauntlet | Found a large runed translucent door.
  8770 | Gauntlet | Noticed a death yak
  8771 | Gauntlet | Found a large runed translucent door.
  8771 | Gauntlet | Found a large runed translucent door.
  8771 | Gauntlet | Found a runed translucent door.
  8772 | Gauntlet | Found a large runed translucent door.
  8773 | Gauntlet | Found a large runed translucent door.
  8779 | Gauntlet | Found a transporter.
  8779 | Gauntlet | Found a runed translucent gate.
  8779 | Gauntlet | Found a transporter.
  8780 | Gauntlet | Found a runed translucent door.
  8780 | Gauntlet | Found a runed translucent gate.
  8782 | Gauntlet | Found a large runed translucent door.
  8782 | Gauntlet | Found a large runed translucent door.
  8782 | Gauntlet | Found a large runed translucent door.
  8782 | Gauntlet | Found a large runed translucent door.
  8817 | Gauntlet | Found a large runed translucent door.
  8817 | Gauntlet | Found a large runed translucent door.
  8820 | Gauntlet | Found a large runed translucent door.
  8820 | Gauntlet | Found a large runed translucent door.
  8980 | D:11     | Killed a boulder beetle
  8981 | D:11     | Reached skill level 12 in Axes
  9271 | D:11     | Noticed a manticore
  9275 | D:11     | Noticed a two-headed ogre
  9379 | D:11     | Noticed a red ugly thing
  9380 | D:11     | Noticed a red ugly thing
  9387 | D:11     | Noticed Psyche
  9393 | D:10     | Killed a red ugly thing
  9407 | D:10     | Killed a brown ugly thing
  9500 | D:10     | Killed Psyche
  9553 | D:11     | Reached XP level 12. HP: 84/112 MP: 6/12
  9647 | D:11     | Found a staircase to the Lair.
  9969 | D:11     | Found a staircase to the Orcish Mines.
 10033 | D:11     | Killed a two-headed ogre
 10109 | Lair:1   | Entered Level 1 of the Lair of Beasts
 10109 | Lair:1   | Noticed a boulder beetle
 10117 | Lair:1   | Reached skill level 13 in Axes
 10120 | Lair:1   | Noticed Fannar
 10136 | D:11     | Killed a boulder beetle
 10336 | Lair:1   | Killed Fannar
 10338 | Lair:1   | Noticed a catoblepas
 10346 | Lair:1   | Killed a catoblepas
 10654 | Lair:1   | Reached skill level 14 in Axes
 11244 | Lair:2   | Reached XP level 13. HP: 103/122 MP: 10/13
 11813 | Lair:2   | Found a staircase to the Shoals.
 12015 | Lair:2   | Found a hole to the Spider Nest.
 13210 | Lair:3   | Reached skill level 15 in Axes
 13886 | Lair:4   | Gained mutation: You are slightly weak-willed. (Will-) [Ru
                  | sacrifice]
 13886 | Lair:4   | Reached **** piety under Ru
 13886 | Lair:4   | Reached ***** piety under Ru
 14551 | Lair:5   | Entered Level 5 of the Lair of Beasts
 15028 | Lair:5   | Noticed Urug
 15040 | Lair:5   | Reached XP level 14. HP: 128/133 MP: 12/14
 15043 | Lair:5   | Killed Urug
 15680 | Lair:5   | Reached skill level 15 in Fighting
 15746 | Lair:5   | Reached skill level 16 in Axes
 16319 | Lair:5   | Identified the ring "Koevop" {Fly rF+ rN+ Dex-2}
 16828 | Lair:5   | Identified the +8 plate armour "Joqem" {rF+ Int+6}
 16958 | Lair:5   | Found a staircase to the Slime Pits.
 17393 | D:11     | Identified a scroll of acquirement
 17394 | D:11     | Acquired the +3 pair of boots of Sif Muna's Favour {Will+
                  | Dex+2}
 17411 | Orc:1    | Entered Level 1 of the Orcish Mines
 17533 | Orc:2    | Entered Level 2 of the Orcish Mines
 17572 | Orc:2    | Gained mutation: Your casting is slightly disrupted. [Ru
                  | sacrifice]
 17721 | Orc:2    | Reached XP level 15. HP: 114/143 MP: 15/15
 17727 | Orc:2    | Reached skill level 17 in Axes
 17812 | Orc:2    | Found Ladghepte's Armour Emporium.
 17812 | Orc:2    | Found Efyoti's Antique Weapon Shop.
 17813 | Orc:2    | Found Wyicop's Antique Weapon Boutique.
 17813 | Orc:2    | Found Ketsecof's Jewellery Emporium.
 17820 | Orc:2    | Bought a +2 pair of gloves for 231 gold pieces
 17828 | Orc:2    | Bought an amulet of reflection for 420 gold pieces
 18060 | Orc:2    | Found a staircase to the Elven Halls.
 18403 | Orc:1    | Noticed an orc warlord
 18415 | Orc:1    | Killed an orc warlord
 19064 | D:12     | Gained mutation: You cannot be stealthy. [Ru sacrifice]
 19105 | D:12     | Reached skill level 15 in Armour
 19125 | D:12     | Found a runed translucent door.
 19125 | D:12     | Noticed Siakut's ghost (journeyman MiBe)
 19341 | D:12     | Found a burning altar of Makhleb.
 19555 | D:12     | Reached skill level 15 in Shields
 19602 | D:12     | Identified the +8 broad axe "Zuarchaag" {freeze, +Blink
                  | rPois rN+ Int+2}
 20209 | D:13     | Noticed Lodul
 20222 | D:13     | Killed Lodul
 21120 | D:14     | Reached skill level 18 in Axes
 21269 | D:14     | Identified the +1 ring mail of Indecent Exposure {rPois rN+
                  | Will+ Int+3}
 21495 | D:14     | Reached XP level 16. HP: 104/155 MP: 16/16
 21945 | D:14     | Found a gate to the Vaults.
 21953 | D:14     | Identified the +3 broad axe "Yzaenac" {speed, Dex+2 Stlth+}
 22403 | D:15     | Entered Level 15 of the Dungeon
 22503 | D:15     | Found a staircase to the Depths.
 22714 | D:15     | Reached skill level 1 in Dodging
 22837 | D:15     | Noticed Roxanne
 22852 | D:15     | Killed Roxanne
 23359 | Spider:1 | Entered Level 1 of the Spider Nest
 23378 | Spider:1 | Paralysed by a jorogumo for 1 turns
 23649 | Spider:1 | Reached skill level 19 in Axes
 24270 | Spider:2 | You fall into a shaft and drop 1 floor!
 24303 | Spider:3 | Reached XP level 17. HP: 123/163 MP: 17/17
 24867 | Spider:2 | Identified the +0 chain mail of Indomitability {rF+ rN+}
 25374 | Orc:2    | Bought a ring of see invisible for 210 gold pieces
 25729 | Spider:2 | Acquired 806 gold pieces
 26090 | Spider:4 | Entered Level 4 of the Spider Nest
 26349 | D:12     | Killed Siakut's ghost
 26351 | D:12     | Identified the +1 eveningstar "Maet" {venom, rElec rF-
                  | Int+2}
 26948 | Spider:4 | Reached skill level 5 in Dodging
 27210 | Spider:4 | Reached skill level 20 in Axes
 28270 | Spider:4 | Got a gossamer rune of Zot
 28451 | Shoals:1 | Entered Level 1 of the Shoals
 28456 | Shoals:1 | Reached XP level 18. HP: 152/156 MP: 9/18
 28669 | Shoals:1 | Found Kuulo's CLEARANCE SALE!.
 29009 | Shoals:1 | Noticed Nikola
 29053 | Shoals:1 | Reached skill level 1 in Evocations
 29063 | Shoals:1 | Killed Nikola
 29523 | Shoals:2 | Noticed Polyphemus
 29534 | Shoals:2 | Killed Polyphemus
 29684 | Shoals:2 | Found Xaugg's Assorted Antiques.
 29692 | Shoals:2 | Bought a scroll of teleportation for 96 gold pieces
 30210 | Shoals:3 | Found Aroib's Assorted Antiques.
 30233 | Shoals:3 | Bought a potion of ambrosia for 368 gold pieces
 30233 | Shoals:3 | Bought a scroll of teleportation for 138 gold pieces
 30233 | Shoals:3 | Bought a potion of curing for 138 gold pieces
 30233 | Shoals:3 | Bought a potion of heal wounds for 230 gold pieces
 30233 | Shoals:3 | Bought a potion of curing for 138 gold pieces
 30902 | Shoals:4 | Entered Level 4 of the Shoals
 31164 | Shoals:4 | Reached skill level 21 in Axes
 31644 | Shoals:4 | Found a runed translucent door.
 31717 | Shoals:4 | Reached XP level 19. HP: 184/184 MP: 19/19
 31801 | Shoals:4 | Reached skill level 5 in Evocations
 32163 | Shoals:4 | Got a barnacled rune of Zot
 33089 | D:9      | Killed Gastronok
 33215 | D:3      | Bought a condenser vane for 520 gold pieces
 33215 | D:3      | Bought a scroll of silence for 123 gold pieces
 33494 | Vaults:1 | Entered Level 1 of the Vaults
 33814 | Vaults:1 | Noticed Zenata
 33826 | Vaults:1 | Killed Zenata
 34768 | Vaults:1 | Reached skill level 22 in Axes
 35234 | Vaults:2 | Reached XP level 20. HP: 195/195 MP: 20/20
 35513 | Vaults:2 | Found Ruse's Magic Scroll Emporium.
 35848 | Vaults:2 | Found a portal to a secret trove of treasure.
 36599 | Vaults:2 | Found a transporter.
 36599 | Vaults:2 | Noticed Cexaud's ghost (adept DjCK)
 36635 | Vaults:2 | Found a transporter.
 36636 | Vaults:2 | Noticed Konionua's ghost (adept KoEn)
 36668 | Vaults:2 | Acquired 646 gold pieces
 37366 | Vaults:3 | Found a large runed translucent door.
 37366 | Vaults:3 | Found a large runed translucent door.
 37366 | Vaults:3 | Found a large runed translucent door.
 37366 | Vaults:3 | Found a large runed translucent door.
 37366 | Vaults:3 | Found a large runed translucent door.
 37366 | Vaults:3 | Found a large runed translucent door.
 37366 | Vaults:3 | Found a large runed translucent door.
 37366 | Vaults:3 | Found a large runed translucent door.
 37366 | Vaults:3 | Noticed Pixtaico's ghost (adept FeNe)
 37954 | Vaults:3 | Found a staircase to the Crypt.
 38568 | Vaults:3 | Identified the +8 rapier of Hepliaklqana's Fury {flame,
                  | Int+6}
 39034 | Vaults:4 | Found Angelut's Armour Emporium.
 39039 | Vaults:4 | Bought a +0 buckler of resistance for 630 gold pieces
 39165 | Vaults:4 | Reached XP level 21. HP: 196/205 MP: 21/21
 39265 | Vaults:4 | Found Ronium's Weapon Shop.
 39271 | Vaults:4 | Gained mutation: Your magical capacity is low. (-10% MP)
                  | [Ru sacrifice]
 39292 | Vaults:4 | Reached skill level 23 in Axes
 39296 | Vaults:4 | Reached skill level 1 in Invocations
 39426 | Vaults:4 | Noticed Norris
 39469 | Vaults:4 | Killed Norris
 40116 | Vaults:4 | Noticed Saint Roka
 40127 | Vaults:4 | Killed Saint Roka
 40325 | Vaults:4 | Identified the +0 falchion of Tifav {holy, Will+}
 40409 | Vaults:4 | Found Evves's Antique Weapon Emporium.
 40809 | Elf:1    | Entered Level 1 of the Elven Halls
 40918 | Elf:1    | Reached skill level 10 in Evocations
 41018 | Elf:1    | Reached skill level 5 in Invocations
 41109 | Elf:1    | Paralysed by an air elemental for 1 turns
 41314 | Elf:1    | Found a runed translucent door.
 41869 | Elf:2    | Paralysed by an air elemental for 1 turns
 41968 | Elf:2    | Found Veugelet's Assorted Antiques.
 41976 | Elf:2    | Bought a scroll of revelation for 300 gold pieces
 41976 | Elf:2    | Bought a potion of magic for 320 gold pieces
 41976 | Elf:2    | Bought a scroll of teleportation for 120 gold pieces
 41976 | Elf:2    | Bought a scroll of blinking for 300 gold pieces
 41976 | Elf:2    | Bought a wand of quicksilver (3) for 504 gold pieces
 42217 | Elf:2    | Found a huge runed translucent gate.
 42217 | Elf:2    | Found a huge runed translucent gate.
 42218 | Elf:2    | Found a huge runed translucent gate.
 42219 | Elf:2    | Found a huge runed translucent gate.
 42223 | Elf:2    | Found a huge runed translucent gate.
 42483 | Elf:3    | Entered Level 3 of the Elven Halls
 42490 | Elf:3    | Reached XP level 22. HP: 214/215 MP: 23/23
 42565 | Elf:3    | Found Veomib's Jewellery Boutique.
 42923 | Elf:3    | Identified the +0 flail of Pixoliom {flame, rElec rPois
                  | rN+++ Stlth-}
 43433 | Elf:3    | Reached skill level 24 in Axes
 43602 | Elf:3    | Identified the +7 mace "Beetlebane" {speed, ^Fragile rF+
                  | rC+}
 43609 | Elf:3    | HP: 10/203 [poisoned by a deep elf annihilator (poison
                  | arrow)]
 44198 | Elf:3    | Gained mutation: You do not regenerate when monsters are
                  | visible. [Ru sacrifice]
 44198 | Elf:3    | Reached ****** piety under Ru
 44303 | Elf:3    | Identified the +1 chain mail of the Shore {Int+3}
 44313 | Elf:3    | Identified the ring of Dumas {rPois Will++}
 44324 | Elf:3    | Identified the +4 ring mail of Crawling {rN+}
 44332 | Elf:3    | Got Tutuprol's Spellbook of Unlucky Electricity
 44477 | Elf:3    | Identified the +7 quarterstaff of Tienk {flame, rPois}
 44481 | Elf:3    | Identified the amulet of Absolutism {Spirit rN+ Will+ Int-4
                  | Stlth+}
 44484 | Elf:3    | Identified the ring "Untonis" {Will+ SInv}
 44491 | Elf:3    | Identified the staff of Anguish {rPois rN+ Will+ Int-3
                  | Dex+5 Alchemy}
 44878 | Vaults:5 | Entered Level 5 of the Vaults
 45701 | Vaults:5 | Reached XP level 23. HP: 99/224 MP: 24/24
 46262 | Vaults:2 | Killed Konionua's ghost
 46303 | Vaults:2 | Killed Cexaud's ghost
 47441 | Vaults:5 | Noticed a dread lich
 47451 | Vaults:5 | Killed a dread lich
 47452 | Vaults:5 | Reached skill level 25 in Axes
 47505 | Vaults:5 | Identified the +0 robe of Dramatic Exits {+Blink rCorr
                  | Str-4}
 47844 | Vaults:5 | Identified the +4 ring mail "Toibak" {rElec}
 47848 | Vaults:5 | Identified the +3 leather armour "Xollig" {rF- Int+5}
 47971 | Vaults:5 | Identified the +4 plate armour "Qinesion" {Slay+3}
 48113 | Vaults:5 | Identified the ring "Semu" {^Contam rPois Will+ Int+2
                  | Dex+5}
 48116 | Vaults:5 | Got a silver rune of Zot
 48205 | Vaults:5 | Identified the +10 scimitar of the Forest {vamp, rPois
                  | Will+++ Int+3 Stlth-}
 48646 | Depths:1 | Entered Level 1 of the Depths
 48822 | Depths:1 | Identified the scarf "Tohiok" {rC+ rF+, +Blink Dex+3}
 48968 | Depths:1 | Found a broken altar of Ashenzari.
 48970 | Depths:1 | Found the +6 arbalest "Damnation" {damnation}
 49654 | Depths:1 | Found a gateway to Hell.
 50309 | Depths:2 | Identified the +1 robe of the Eternal Void {rPois rC+}
 50424 | Depths:2 | Identified the +0 scale mail of Integrity {rF+ rN+ Slay+3}
 50557 | Depths:2 | Found a one-way gate leading to the halls of Pandemonium.
 50614 | Depths:2 | Found a one-way gateway to a ziggurat.
 50911 | Depths:2 | Reached XP level 24. HP: 206/237 MP: 24/24
 51229 | Depths:2 | Identified the +7 dagger of Daru Sub {vamp, *Slow Will+
                  | MP+9}
 51622 | Abyss:2  | Cast into level 2 of the Abyss (an occultist)
 52152 | Abyss:2  | Gained mutation: Your health recovers twice as slowly from
                  | being drained. [a neqoxec]
 52417 | Depths:3 | Escaped the Abyss
 52418 | Depths:3 | Found a one-way gate to the infinite horrors of the Abyss.
 53144 | Depths:3 | Identified the +8 hand axe "Afimesh" {elec, Fly Str+2 Int-4
                  | Stlth+}
 53483 | Depths:3 | Identified the amulet "Gemu" {Reflect +Blink SH+5}
 53789 | Depths:4 | Entered Level 4 of the Depths
 54019 | Depths:4 | Found Asessus's Armour Boutique.
 54021 | Depths:4 | Found Xyac's Distillery.
 54024 | Depths:4 | Found Lugoon's Jewellery Boutique.
 54127 | Depths:4 | Bought a potion of haste for 110 gold pieces
 54127 | Depths:4 | Bought a potion of curing for 33 gold pieces
 54127 | Depths:4 | Bought a potion of curing for 33 gold pieces
 54272 | Depths:4 | Reached skill level 26 in Axes
 54433 | Depths:4 | Found Olorol's Jewellery Boutique.
 54665 | Depths:4 | Found a gate to the Realm of Zot.
 55263 | Zot:1    | Entered Level 1 of the Realm of Zot
 55287 | Zot:1    | Reached XP level 25. HP: 209/235 MP: 24/24
 55791 | Zot:1    | Lost mutation: Your health recovers twice as slowly from
                  | being drained. [potion of mutation]
 55791 | Zot:1    | Gained mutation: You sometimes lose your temper in combat.
                  | [potion of mutation]
 55986 | Depths:4 | Lost mutation: You sometimes lose your temper in combat.
                  | [potion of mutation]
 55986 | Depths:4 | Gained mutation: Your system is resistant to poisons.
                  | (rPois) [potion of mutation]
 55986 | Depths:4 | Gained mutation: Your mind is acute. (Int +4, Str/Dex -1)
                  | [potion of mutation]
 56606 | Zot:1    | Found a runed translucent gate.
 56607 | Zot:1    | Found a runed translucent gate.
 56611 | Zot:1    | Found a runed translucent gate.
 56614 | Zot:1    | Noticed Dommouf's ghost (veteran OnBe)
 57555 | Zot:2    | Noticed Siopp's ghost (legendary DsFi)
 57557 | Zot:2    | Found a transporter.
 57558 | Zot:2    | Identified the +1 cloak of Keyheute {*Slow rElec rPois}
 58217 | Zot:2    | Found a transporter.
 60123 | Zot:4    | Reached skill level 15 in Evocations
 60131 | Zot:4    | Reached XP level 26. HP: 213/258 MP: 24/24
 61153 | Zot:4    | Reached skill level 27 in Axes
 61211 | Zot:4    | Found a runed translucent door.
 61211 | Zot:4    | Noticed Fiowez's ghost (veteran HuAl)
 61476 | Zot:4    | Identified the +0 leather armour of Pomotte {Slay+2 Stlth+}
 61603 | Zot:4    | Identified the amulet "Qidiyr" {Spirit rF+++}
 61858 | Zot:5    | Entered Level 5 of the Realm of Zot
 62241 | Zot:5    | Noticed bakla's ghost (veteran DsBr)
 62242 | Zot:5    | Identified the +0 cloak of Ru's Anger {Rampage rN+ Int+3}
 62244 | Zot:5    | Identified the +1 cloak of Responsibility {rC+ Int+3 Dex+3}
 62247 | Zot:5    | Identified the +9 glaive of the Smoking Gods {holy, rCorr
                  | Dex+3}
 62276 | Zot:5    | Found a transporter.
 62278 | Zot:5    | Found a bloodstained altar of Trog.
 62299 | Zot:5    | Found a transporter.
 62387 | Zot:5    | Reached skill level 10 in Dodging
 62540 | Zot:5    | Noticed a dread lich
 62563 | Zot:5    | Killed a dread lich
 62655 | Zot:5    | Noticed an orb of fire
 62677 | Zot:5    | Gained mutation: You have hidden genetic defects. [an orb
                  | of fire]
 62678 | Zot:5    | Killed an orb of fire
 62698 | Zot:5    | Noticed a dread lich
 62730 | Zot:5    | Killed a dread lich
 62818 | Zot:5    | Noticed an orb of fire
 62829 | Zot:5    | Gained mutation: You sometimes lose your temper in combat.
                  | [an orb of fire]
 62834 | Zot:5    | Killed an orb of fire
 62878 | Zot:5    | Lost mutation: Your mind is acute. (Int +4, Str/Dex -1)
                  | [potion of mutation]
 62878 | Zot:5    | Lost mutation: Your system is resistant to poisons. (rPois)
                  | [potion of mutation]
 62878 | Zot:5    | Gained mutation: You have a pair of small horns on your
                  | head. [potion of mutation]
 62878 | Zot:5    | Gained mutation: You have large cloven feet. [potion of
                  | mutation]
 62878 | Zot:5    | Lost mutation: You have hidden genetic defects. [potion of
                  | mutation]
 62879 | Zot:5    | Lost mutation: You have large cloven feet. [potion of
                  | mutation]
 62879 | Zot:5    | Lost mutation: You sometimes lose your temper in combat.
                  | [potion of mutation]
 62879 | Zot:5    | Lost mutation: You have a pair of small horns on your head.
                  | [potion of mutation]
 62879 | Zot:5    | Gained mutation: Your mind is acute. (Int +4, Str/Dex -1)
                  | [potion of mutation]
 62936 | Zot:5    | Noticed an orb of fire
 62940 | Zot:5    | Gained mutation: You are frail. (-10% HP) [an orb of fire]
 62953 | Zot:5    | Gained mutation: You are very frail. (-20% HP) [an orb of
                  | fire]
 62953 | Zot:5    | Noticed a Killer Klown
 62955 | Zot:5    | Killed an orb of fire
 62957 | Zot:5    | Lost mutation: You are very frail. (-20% HP) [potion of
                  | mutation]
 62957 | Zot:5    | Lost mutation: Your mind is acute. (Int +4, Str/Dex -1)
                  | [potion of mutation]
 62957 | Zot:5    | Lost mutation: You are frail. (-10% HP) [potion of
                  | mutation]
 62957 | Zot:5    | Gained mutation: You are frail. (-10% HP) [potion of
                  | mutation]
 62957 | Zot:5    | Gained mutation: Your flesh is cold resistant. (rC+)
                  | [potion of mutation]
 62957 | Zot:5    | Gained mutation: Your spells are a little harder to cast,
                  | but a little more powerful. [potion of mutation]
 62957 | Zot:5    | Gained mutation: You have supernaturally acute eyesight.
                  | (SInv) [potion of mutation]
 62958 | Zot:5    | Lost mutation: Your spells are a little harder to cast, but
                  | a little more powerful. [potion of mutation]
 62958 | Zot:5    | Lost mutation: Your flesh is cold resistant. (rC+) [potion
                  | of mutation]
 62958 | Zot:5    | Lost mutation: You have supernaturally acute eyesight.
                  | (SInv) [potion of mutation]
 62958 | Zot:5    | Gained mutation: You have sharp toenails. [potion of
                  | mutation]
 62958 | Zot:5    | Gained mutation: Your magical capacity is very low. (-20%
                  | MP) [potion of mutation]
 62958 | Zot:5    | Gained mutation: You are somewhat resistant to further
                  | mutation. [potion of mutation]
 62959 | Zot:5    | Lost mutation: You are somewhat resistant to further
                  | mutation. [potion of mutation]
 62959 | Zot:5    | Lost mutation: You are frail. (-10% HP) [potion of
                  | mutation]
 62959 | Zot:5    | Gained mutation: You are dopey. (Int -2) [potion of
                  | mutation]
 62959 | Zot:5    | Gained mutation: Your magical capacity is extremely low.
                  | (-30% MP) [potion of mutation]
 62959 | Zot:5    | Gained mutation: You are partially covered in iridescent
                  | scales. (AC +2) [potion of mutation]
 62985 | Zot:5    | Killed a Killer Klown
 63872 | Zot:5    | Noticed an orb of fire
 63873 | Zot:5    | Noticed a Killer Klown
 63874 | Zot:5    | Noticed a Killer Klown
 63877 | Zot:5    | Noticed an orb of fire
 63877 | Zot:5    | Gained mutation: You occasionally shout uncontrollably at
                  | your foes. [an orb of fire]
 63879 | Zot:5    | Noticed an orb of fire
 63880 | Zot:5    | Noticed an orb of fire
 63884 | Zot:5    | Got the Orb of Zot
 63890 | Zot:5    | Noticed a dread lich
 64485 | D:6      | Noticed Ekku the pandemonium lord
 64668 | D:$      | Escaped with the Orb!

Illustrated notes

Levels and vault maps discovered:
D:1:      zelgadis_glass_arrival_small, layout_basic, hex_large
D:2:      layout_basic, hellmonk_ecumenical_altar_pennies_from_heaven,
          nicolae_figureground_pulse
D:3:      layout_loops_cross, serial_shops, nicolae_shop_waterfront,
          saegor_snake_ambush
D:4:      layout_basic, minmay_temple_entry_glass, uniq_duvessa
D:5:      layout_loops_cross, nemelex_spade_bored_becter,
          nicolae_specific_store, kennysheep_diamond
D:6:      layout_basic, gammafunk_temple_overflow_wave,
          mainiacjoe_overflow_tiny_flanked
D:7:      layout_cave_pods, serial_column_ruins, column_ruins_grid_1,
          column_ruins_open_medium, column_ruins_columns_straight, uniq_maggie,
          uniq_jeremiah
D:8:      layout_basic, uniq_pikel, uniq_grum, uniq_prince_ribbit1
D:9:      layout_gridville, uniq_gastronok
D:10:     layout_basic
D:11:     layout_gridville, grunt_lair_entry_orc_guard_hut, david_orc_4,
          gauntlet_entry_generic, minmay_starry_boxes, uniq_psyche
D:12:     minmay_open_boxes_in_corner, layout_basic, gammafunk_ghost_grave,
          bloody_makhleb
D:13:     layout_roguey, uniq_lodul
D:14:     layout_basic, ximxim_vaults_locker_room,
          chequers_serial_rivers_micro_c, serial_demonic, serial_demonic_g,
          serial_demonic_c, serial_demonic_a, serial_demonic_d,
          minmay_fractal_squares_gapless_5
D:15:     hangedman_depths_entry_try_elsewhere_first, layout_irregular_city,
          minmay_misc_feat_room, uniq_roxanne
Temple:   nicolae_temple_bog_church
Lair:1:   layout_chaotic_city, minivault_25, pdpol_lair_neglected_garden,
          columned_hall_lemuel, grunt_megastairs_5, uniq_fannar
Lair:2:   layout_big_grid, minmay_shoals_entry_centaurs, spider_nest_entry_webs
Lair:3:   layout_layer_cave, infiniplex_staircase_pool_2
Lair:4:   layout_cave_pods
Lair:5:   guppyfry_lair_end_dragon, layout_regular_city,
          hangedman_lair_in_review, minmay_slime_entry_oklob_open, uniq_urug
Shoals:1: cheibrodos_shoals_oceanic_diplomacy, layout_shoals,
          nicolae_shop_clearance, uniq_nikola
Shoals:2: layout_shoals, serial_shops, shop, nicolae_shoals_isolated_beach,
          uniq_polyphemus
Shoals:3: layout_shoals, serial_shops, nicolae_shop_statue_plus
Shoals:4: shoals_end_grunt_garden, layout_shoals, lightli_airlock
Spider:1: nicolae_spider_corner, drop_trap
Spider:2: layout_spider_delve
Spider:3: layout_spider_delve
Spider:4: spider_rune_water, nicolae_spider_bug_shape
Orc:1:    layout_diamond_mine, basic_altar
Orc:2:    st_orc_ogre_mass, layout_diamond_mine, nicolae_orc_minecarts
Elf:1:    nicolae_elf_arrival_fired_up, layout_geoelf_octagon,
          nicolae_elf_crossing_hall, minivault_13
Elf:2:    elven_hall_of_blades_hangedman_alternative
          [nicolae_blade_entry_crossed_weapons], layout_loops_cross,
          serial_shops, shop
Elf:3:    minmay_elf_hall_x, layout_rooms, nrook_loot_triangle,
          minmay_shop_enchanted_jewellery
Vaults:1: nicolae_vaults_closet_pinwheel_6, nicolae_vaults_twisting_passages,
          nicolae_vaults_storage_closets_1, ontoclasm_vaults_fault,
          nicolae_vaults_apartment_1, nicolae_vaults_closet_pinwheel_4,
          nicolae_vaults_arrows, nicolae_vaults_offset_grid_hallway_2,
          vaults_mumra_minichess_inversion, lightli_church_of_beogh,
          nicolae_vaults_trapezoid_lopsided_1,
          nicolae_vaults_trapezoid_lopsided_1, vaults_room_pool,
          nicolae_vaults_double_plus_1, layout_vaults_omnicross, uniq_zenata
Vaults:2: nzn_ghost_randoct, nicolae_vaults_little_squares_5, serial_ice_g,
          nicolae_vaults_house_2, vaults_standard_mumra_enter_the_diamond,
          v_misc_26, layout_vaults_omnigrid, nicolae_trove_entry_columns,
          serial_shops, shop
Vaults:3: advil_vaults_ghost_lines, ontoclasm_vaults_ring_large,
          vaults_room_fancy_cross, nicolae_vaults_more_shelving_1,
          nicolae_vaults_diamond_1, blue_anna_dwarven_crypt,
          nicolae_vaults_angled_halls, nicolae_vaults_frosty_reception,
          nicolae_vaults_house_2, vaults_dpeg_encased_lava,
          nicolae_vaults_shipping_containers_4, v_rooms_5,
          nicolae_vaults_tetromino_Z_1, layout_vaults_maze_snakey
Vaults:4: ontoclasm_vaults_claustrophobia, vaults_mumra_hexcomb,
          nicolae_vaults_sesquioval_fish, nicolae_vaults_storage_room_statues,
          nicolae_vaults_wrenched, ontoclasm_vaults_gateway,
          vaults_room_ringed_pool, v_misc_33, v_rooms_1,
          nicolae_vaults_sesquioval_fish, dpeg_vaults_pockets_of_resistance,
          nicolae_vaults_house_3, nicolae_vaults_storage_room_doors,
          ontoclasm_vaults_ligature, nicolae_vaults_trapezoid_lopsided_2,
          nicolae_vaults_tetromino_L_1, layout_vaults_omnibox, serial_shops,
          shop, nicolae_shop_bloodbath_and_beyond, shop_fountains, uniq_norris,
          uniq_saint_roka
Vaults:5
Depths:1: layout_gridlike, yredelemnul_altar_generic, hell_entry,
          kennysheep_path_1, evilmike_ruin_ashenzari
Depths:2: minmay_the_grid_square_5x5_3x3 [minmay_the_grid_square_5x5_minimal,
          minmay_the_grid_square_5x5_tri_point,
          minmay_the_grid_square_5x5_hourglass,
          minmay_the_grid_square_5x5_forky,
          minmay_the_grid_square_5x5_megaprize_checkered,
          minmay_the_grid_square_5x5_v, minmay_the_grid_square_5x5_n,
          minmay_the_grid_square_5x5_seven,
          minmay_the_grid_square_5x5_trominoes], layout_cave_shapes,
          enter_ziggurat_a, chequers_serial_rivers_micro_e,
          grunt_pan_entry_sceptre, pf_hell_entry_tar_spiral,
          kennysheep_inner_square
Depths:3: grunt_double_whammy, layout_small_grid, hell_entry,
          nicolae_abyss_entry_one_way_or_another, nicolae_eternal_life,
          mu_enter_wizlab_3, kennysheep_flooded_box
Depths:4: evilmike_zot_entry_round, layout_gridlike, hell_entry, serial_shops,
          nicolae_shop_just_a_little_nook, hex_tiny, minmay_shop_star
Zot:1:    lemuel_firehouse, layout_concentric_octagons, gammafunk_ghost_ooze
Zot:2:    layout_basic, gammafunk_ghost_arena, basic_altar
Zot:3:    layout_gridville, grunt_megastairs_1
Zot:4:    layout_onion_interference, ebering_ghost_reflecting_pool
Zot:5:    layout_cathedral_of_symmetry, gammafunk_ghost_wrathful_warriors,
          grunt_ministairs_13

Skill      XL: |  1  2  3  4  5  6  7  8  9 10 11 12 13 14 15 16 17 18 19 20 21 22 23 24 25 26 |
---------------+-------------------------------------------------------------------------------+-----
Axes           | 3 4 5 6 7 9 10 12 14 15 16 18 19 20 21 22 23 24 25 26 27 | 27.0
Fighting       | 4 5 6 7 9 10 11 13 14 15 17 18 19 20 21 22 23 24 25 | 25.6
Armour         | 4 5 6 8 9 11 12 13 14 15 16 17 18 19 20 21 22 23 | 23.8
Shields        | 4 5 6 8 9 11 12 13 14 15 16 17 18 19 20 21 22 23 | 23.7
Dodging        | 3 5 6 8 9 10 | 10.6
Evocations     | 4 7 9 10 11 13 14 15 | 15.8
Invocations    | 5 |  5.0

Action                     |  1- 3 |  4- 6 |  7- 9 | 10-12 | 13-15 | 16-18 | 19-21 | 22-24 | 25-27 || total
---------------------------+-------+-------+-------+-------+-------+-------+-------+-------+-------++-------
  Melee: War axe           |    81 |    45 |       |       |       |       |       |       |       ||   126
         Broad axe         |       |    58 |   143 |   394 |   831 |  1112 |  1327 |  1451 |   968 ||  6284
         Scimitar          |       |       |       |       |    17 |     7 |       |       |       ||    24
         Eveningstar       |       |       |       |       |       |       |       |       |    18 ||    18
 Invoke: Sacrifice Forms   |       |       |     1 |       |       |       |       |       |       ||     1
         Sacrifice Arcana  |       |       |       |     1 |       |       |       |       |       ||     1
         Sacrifice Love    |       |       |       |     1 |       |       |       |       |       ||     1
         Reject Sacrifices |       |       |       |     1 |     1 |     2 |       |       |       ||     4
         Draw Out Power    |       |       |       |     1 |       |     1 |       |     2 |       ||     4
         Sacrifice Essence |       |       |       |       |     2 |       |     1 |       |       ||     3
         Apocalypse        |       |       |       |       |     1 |     3 |     4 |     2 |     2 ||    12
         Sacrifice Stealth |       |       |       |       |     1 |       |       |       |       ||     1
         Power Leap        |       |       |       |       |       |     1 |       |     2 |     2 ||     5
         Sacrifice Purity  |       |       |       |       |       |       |       |     1 |       ||     1
  Evoke: Wand              |       |       |     1 |     1 |     2 |     5 |       |    11 |       ||    20
         Condenser vane    |       |       |       |       |       |       |       |     1 |       ||     1
    Use: Scroll            |       |       |     4 |     2 |    14 |    11 |     3 |    15 |    14 ||    63
         Potion            |       |       |     1 |     6 |       |     3 |     8 |    15 |    12 ||    45
   Stab: Petrified         |       |       |       |     2 |       |       |       |       |       ||     2
         Invisible         |       |       |       |       |     2 |     1 |     6 |     5 |    10 ||    24
         Paralysed         |       |       |       |       |     5 |     9 |     7 |    12 |     8 ||    41
         Distracted        |       |       |       |       |     1 |    11 |     4 |    11 |       ||    27
 Armour: Scale mail        |     6 |       |       |       |       |       |       |       |       ||     6
         Chain mail        |    45 |    75 |    78 |       |       |       |       |       |       ||   198
         Swamp dragon scal |       |       |    18 |   189 |   224 |       |       |       |       ||   431
         Plate armour      |       |       |       |       |   194 |   488 |   352 |   479 |   306 ||  1819
  Dodge: Dodged            |    31 |    35 |    26 |   107 |   155 |   168 |   115 |   147 |   114 ||   898
  Block: Buckler           |    19 |    19 |    17 |    53 |   187 |    19 |       |       |       ||   314
         Reflection        |       |       |       |       |     4 |   103 |   111 |    27 |     8 ||   253
         Tower shield      |       |       |       |       |       |  1149 |   768 |  1036 |   718 ||  3671

Table legend: (Time is in decaauts)
 A = Elapsed time spent in this place.
 B = Non-inter-level travel time spent in this place.
 C = Inter-level travel time spent in this place.
 D = Time resting spent in this place.
 E = Time spent auto-exploring this place.
 F = Levels seen in this place.
 G = Mean time per level.
                   A        B        C        D        E       F      G
               +--------+--------+--------+--------+--------+-----+--------+
         Total |  62579 |  56423 |   6156 |   7246 |  38145 |  50 | 1251.6 |
       Dungeon |  16018 |  13482 |   2536 |    469 |  10649 |  15 | 1067.9 |
        Temple |    161 |    131 |     30 |    126 |      0 |   1 |  161.0 |
          Lair |   7237 |   6445 |    792 |    538 |   5005 |   5 | 1447.4 |
        Shoals |   4501 |   4236 |    265 |    478 |   2719 |   4 | 1125.2 |
   Spider Nest |   4348 |   3766 |    582 |    329 |   2413 |   4 | 1087.0 |
  Orcish Mines |   1700 |   1429 |    271 |    175 |    998 |   2 |  850.0 |
   Elven Halls |   3630 |   3458 |    172 |    701 |   2021 |   3 | 1210.0 |
        Vaults |   9919 |   9050 |    869 |   1613 |   5773 |   5 | 1983.8 |
        Depths |   5936 |   5564 |    372 |    790 |   3807 |   4 | 1484.0 |
           Zot |   8034 |   7769 |    265 |   2019 |   4087 |   5 | 1606.8 |
         Abyss |    699 |    699 |      0 |      3 |    413 |   1 |  699.0 |
      Gauntlet |    389 |    389 |      0 |      4 |    257 |   1 |  389.0 |
               +--------+--------+--------+--------+--------+-----+--------+

Top non-repeatable levels by time:
Vaults:4: 3372 daAuts
  Lair:5: 2365 daAuts
   Zot:3: 2240 daAuts
    D:14: 2145 daAuts
   Zot:5: 1938 daAuts
Vaults:2: 1926 daAuts
    D:11: 1904 daAuts
   Zot:1: 1787 daAuts
Spider:4: 1759 daAuts
Vaults:1: 1642 daAuts
Depths:4: 1636 daAuts
Depths:1: 1562 daAuts
Vaults:3: 1509 daAuts
Depths:3: 1471 daAuts
Vaults:5: 1469 daAuts
